 Dungeon Crawl Stone Soup version 0.20.1-1-g8b1a95d (console) character file.

51 husjan the Ducker (level 3, 0/24 HPs)
             Began as a Deep Elf Monk on Sept 8, 2017.
             Slain by an orc wizard
             ... wielding a +0 dagger
              (2 damage)
             ... on level 3 of the Dungeon.
             The game lasted 00:04:50 (1053 turns).

husjan the Ducker (Deep Elf Monk)                   Turns: 1053, Time: 00:04:51

Health: 0/24       AC:  4    Str: 11    XL:     3   Next: 57%
Magic:  5/5        EV: 14    Int: 20    God:
Gold:   94         SH:  0    Dex: 15    Spells: 2/2 levels left

rFire    . . .     SeeInvis .   a - +0 short sword
rCold    . . .     Gourm    .   (no shield)
rNeg     . . .     Faith    .   b - +0 robe
rPois    .         Spirit   .   (no helmet)
rElec    .         Reflect  .   (no cloak)
rCorr    .         Harm     .   (no gloves)
MR       .....                  (no boots)
Stlth    ++........             (no amulet)
Regen    0.0/turn               j - +3 ring of strength
MPRegen  0.1/turn               p - ring of flight

@: brilliant, slowed, very slow
A: molten scales 1, clumsy 1, robust 1, inhibited regeneration
a: Evoke Flight


You were on level 3 of the Dungeon.
You were hungry.

You visited 1 branch of the dungeon, and saw 3 of its levels.

You collected 94 gold pieces.

Inventory:

Hand Weapons
 a - a +0 short sword (weapon)
Missiles
 e - 7 sling bullets
Armour
 b - a +0 robe (worn)
Jewellery
 j - a +3 ring of strength (left hand)
 p - a ring of flight (right hand)
Scrolls
 f - a scroll of teleportation {unknown}
 h - 3 scrolls of enchant armour {unknown}
 k - a scroll of immolation {unknown}
 l - 3 scrolls of remove curse {unknown}
 n - 3 scrolls of identify {unknown}
 q - a scroll of noise {unknown}
Comestibles
 c - 2 bread rations
 i - 2 fruits


   Skills:
 - Level 2.4 Fighting
 + Level 3.6 Short Blades
 + Level 1.5 Throwing
 - Level 3.6 Dodging
 + Level 3.6 Stealth


You had 2 spell levels left.
You didn't know any spells.

Dungeon Overview and Level Annotations

Branches:
Dungeon (3/15)

Altars:
Xom


Innate Abilities, Weirdness & Mutations

You are partially covered in molten scales. (AC +2)
You are clumsy. (Dex -2)
You are robust. (+10% HP)
You do not regenerate when monsters are visible.


Message History

You closely miss the orc wizard.
The orc wizard is heavily wounded.
The orc wizard hits you with a dagger.
* * * LOW HITPOINT WARNING * * *
You barely miss the orc wizard.
The orc wizard is heavily wounded.
The orc wizard barely misses you.
You hit the orc wizard.
The orc wizard is heavily wounded.
The orc wizard hits you but does no damage.
The orc wizard gestures at you while chanting.
The magic dart hits you!
* * * LOW HITPOINT WARNING * * *
You hit the orc wizard.
The orc wizard is severely wounded.
The orc wizard hits you but does no damage.
You hit the orc wizard.
The orc wizard is almost dead.
The orc wizard hits you with a dagger.
You die...

#.. #.#.##.# S... ###^##.#
$. #### ##≈..### .#
##≈≈≈≈♣## o. #†...♣..#
#.## ###.^..≈≈≈## #o.. ###
#...#__^.... #... ##.##
#.#.≈....≈##
...#...##.#@## #.#....≈≈_#
#......o###o####.##_...≈##
####.###.#..(.....##≈..##
# #...##########.## ###.#
#.# #.# #.# #.# #.# .. ##


You could see an orc wizard.

Vanquished Creatures
  2 adders (D:2)
  A worm (D:2)
  4 dart slugs
  A leopard gecko (D:2)
  A ball python (D:2)
  2 bats
  A giant cockroach (D:2)
  5 hobgoblins
  3 jackals (D:3)
  5 kobolds
  A frilled lizard (D:1)
  A goblin (D:2)
  2 rats
29 creatures vanquished.

Notes
Turn   | Place    | Note
-------+----------+-------------------------------------------
     0 | D:1      | husjan the Deep Elf Monk began the quest for the Orb.
     0 | D:1      | Reached XP level 1. HP: 13/13 MP: 3/3
     0 | D:1      | Noticed an ice dragon
     0 | D:1      | Noticed a tentacled monstrosity
     0 | D:1      | Noticed an ice dragon
     1 | D:1      | Noticed a golden dragon
     3 | D:1      | Noticed a shadow dragon
     3 | D:1      | Noticed a red draconian
     5 | D:1      | Noticed an orb of fire
     6 | D:1      | Noticed an iron dragon
     8 | D:1      | Noticed an iron dragon
    12 | D:1      | Noticed a tentacled monstrosity
    13 | D:1      | Noticed an orb of fire
    16 | D:1      | Noticed a tentacled monstrosity
    16 | D:1      | Noticed an ice dragon
    18 | D:1      | Noticed an orb of fire
   351 | D:2      | Reached skill level 1 in Throwing
   399 | D:2      | Reached XP level 2. HP: 18/18 MP: 4/4
   585 | D:2      | Reached XP level 3. HP: 10/22 MP: 5/5
   948 | D:3      | Noticed a phantom
   992 | D:3      | Found a shimmering altar of Xom.
   993 | D:3      | Found a shimmering altar of Xom.
   993 | D:3      | Found a shimmering altar of Xom.
   993 | D:3      | Found a shimmering altar of Xom.
  1033 | D:3      | Gained mutation: You do not regenerate when monsters are visible. [potion of mutation]
  1033 | D:3      | Gained mutation: You are clumsy. (Dex -2) [potion of mutation]
  1033 | D:3      | Gained mutation: You are robust. (+10% HP) [potion of mutation]
  1033 | D:3      | Gained mutation: You are partially covered in molten scales. (AC +2) [potion of mutation]
  1053 | D:3      | Slain by an orc wizard

Skill      XL: |  1  2 |
---------------+-------+-----
Throwing       | 1 |  1.5
Stealth        | 3 |  3.6
Fighting       | |  2.4
Short Blades   | |  3.6
Dodging        | |  3.6

Action                   || total
-------------------------++-------
Melee: Short sword       ||   113
Throw: Javelin           ||     4
  Use: Potion            ||     4
 Stab: Sleeping          ||     6
Armor: Robe              ||    17
Dodge: Dodged            ||    64
